 Dungeon Crawl Stone Soup version 0.29.1-13-g9f3cf754e1 (webtiles) character file.

Game seed: 12112366701603334934

2760 cheesebisquit the Severer (level 9, -4/106 HPs)
             Began as a Minotaur Berserker on Jan 29, 2023.
             Was a Priest of Trog.
             Slain by a nine-headed hydra (6 damage)
             ... on level 6 of the Dungeon.
             The game lasted 00:13:20 (5937 turns).

cheesebisquit the Severer (Minotaur Berserker)      Turns: 5937, Time: 00:13:20

Health: -4/106     AC: 15    Str: 25    XL:     9   Next: 41%
Magic:  8/8        EV:  7    Int:  8    God:    Trog [***...]
Gold:   374        SH:  7    Dex: 17    Spells: 8/8 levels left

rFire   . . .      SeeInvis .   w - +11 hand axe "Besuegh" {venom, Int+4}
rCold   . . .      Faith    .   i - +0 kite shield
rNeg    . . .      Spirit   .   f - +0 chain mail
rPois   .          Reflect  .   (helmet restricted)
rElec   .          Harm     .   H - +0 cloak
rCorr   .          Rampage  .   (no gloves)
Will    ++...                   p - +0 pair of boots
Stlth   ..........              (no amulet)
HPRegen 1.27/turn               z - +4 ring of protection
MPRegen 0.11/turn               K - +6 ring of dexterity

@: berserking, strong-willed, regenerating, very quick
A: horns 2, retaliatory headbutt
a: Renounce Religion, Berserk, Trog's Hand


You were on level 6 of the Dungeon.
You worshipped Trog.
Trog was most pleased with you.
You visited 2 branches of the dungeon, and saw 7 of its levels.

You collected 374 gold pieces.

Inventory:

Hand Weapons
 a - a +0 hand axe
 w - the +11 hand axe "Besuegh" (weapon) {venom, Int+4}
   (You found it on level 4 of the Dungeon)

   It poisons the flesh of those it strikes.
   Int:       It affects your intelligence (+4).
 L - a +2 vorpal hand axe
Missiles
 o - 51 stones (quivered)
 I - 5 poisoned darts
Armour
 e - a +0 ring mail
 f - a +0 chain mail (worn)
 i - a +0 kite shield (worn)
 p - a +0 pair of boots (worn)
 H - a +0 cloak (worn)
Jewellery
 l - an amulet of magic regeneration
 z - a +4 ring of protection (left hand)
 A - an amulet of faith
 K - a +6 ring of dexterity (right hand)
Wands
 u - a wand of paralysis (14)
 M - a wand of acid (5)
 N - a wand of polymorph (7)
Scrolls
 c - 14 scrolls of identify {unknown}
 g - a scroll of immolation {unknown}
 k - 2 scrolls of silence {unknown}
 q - 2 scrolls of poison {unknown}
 v - a scroll of butterflies {unknown}
 x - a scroll of magic mapping {unknown}
 y - a scroll of torment {unknown}
 C - a scroll of enchant weapon {unknown}
 D - a scroll of acquirement {unknown}
 F - a scroll of enchant armour {unknown}
 J - 2 scrolls of vulnerability {unknown}
Potions
 b - 2 potions of mutation {unknown}
 d - a potion of resistance {unknown}
 h - 3 potions of invisibility {unknown}
 j - 3 potions of berserk rage {unknown}
 m - 2 potions of attraction {unknown}
 n - a potion of degeneration {unknown}
 r - 4 potions of curing {unknown}
 s - 3 potions of haste {unknown}
 t - 2 potions of cancellation {unknown}
 B - a potion of heal wounds {unknown}
 E - a potion of lignification {unknown}
 G - a potion of ambrosia {unknown}


   Skills:
 - Level 3.8 Fighting
 * Level 15.4 Axes
 - Level 2.8 Armour
 - Level 2.4 Dodging


You had 8 spell levels left.
You didn't know any spells.
Your spell library was empty.

Dungeon Overview and Level Annotations

Branches:
Dungeon (6/15)             Temple (1/1) D:6

Altars:
Elyvilon
Makhleb
Nemelex Xobeh
Okawaru
Trog
Wu Jian
Yredelemnul
Zin

Shops:
D:6 *

Annotations:
D:6 3 runed translucent doors, FexLirch's ghost, amateur MeEE


Innate Abilities, Weirdness & Mutations

You have a pair of horns on your head.
You reflexively headbutt those who attack you in melee.


Message History

You block the nine-headed hydra's attack.
The nine-headed hydra bites you but does no damage.
The nine-headed hydra bites you!
The nine-headed hydra bites you but does no damage.
The nine-headed hydra bites you!
The nine-headed hydra barely misses you.
You are too injured to fight recklessly!
You kill the orc warrior!
Trog accepts your kill.
The gnoll sergeant hits you but does no damage.
Things that are here:
a +0 long sword of flaming; a +0 robe
Okay, then.
Your skin crawls.
You feel strong-willed.
The gnoll sergeant hits you but does no damage.
The nine-headed hydra bites you.
The nine-headed hydra bites you but does no damage.
You block the nine-headed hydra's attack.
The nine-headed hydra bites you.
The nine-headed hydra bites you but does no damage. x2
The nine-headed hydra barely misses you.
The nine-headed hydra bites you.
The nine-headed hydra barely misses you.
A red film seems to cover your vision as you go berserk!
You feel yourself moving faster!
You feel mighty!
The gnoll sergeant hits you with a +0 spear!
The nine-headed hydra bites you.
* * * LOW HITPOINT WARNING * * *
The nine-headed hydra bites you!
* * * LOW HITPOINT WARNING * * *
You block the nine-headed hydra's attack.
The nine-headed hydra bites you!
* * * LOW HITPOINT WARNING * * *
The nine-headed hydra closely misses you.
The nine-headed hydra bites you!
* * * LOW HITPOINT WARNING * * *
The nine-headed hydra barely misses you.
The nine-headed hydra bites you.
You die...

.#..............#####...#####
.........######## ##......##
.......###......### #........##
#....###...####...###.....)...#
#.####...### .###...###.†.....#
#.##....## $.##.....#.)....#
.##....## ### ..##....##.....#
##....## ##..##g.##....#.....#
#....# ##....#@†.#....#....##
#....# #..##$D#.8#...[#.))..#
#....# #≈.⌠.)≈#..#....#..>..#
#...†# #§.>...#††#....#.....#
#....# #..##..#.8#....#.....#
#....# ##≈..≈##..#....#.....#
#....## ##..##..#.....#....##
##....## ####..#.....##...##
##....## .^.$##....##


You could see a nine-headed hydra and a gnoll sergeant.

Vanquished Creatures
  A hornet (D:6)
  Sigmund (D:5)
  3 yaks (D:5)
  A steam dragon (D:6)
  A black bear (D:3)
  A sky beast (D:6)
  An orc warrior (D:6)
  An ogre (D:6)
  A bullfrog (D:6)
  A wyvern zombie (D:6)
  5 scorpions
  5 wights (D:6)
  6 hounds
  3 jellies
  Crazy Yiuf (D:5)
  2 gnoll boudas
  4 iguanas
  An orc wizard (D:6)
  A killer bee zombie (D:6)
  11 gnolls
  8 adders
  A shadow imp (D:6)
  2 ufetubi (D:6)
  3 worms (D:2)
  2 dart slugs
  13 orcs
  5 ball pythons
  A bat (D:3)
  4 endoplasms
  3 giant cockroaches
  7 goblins
  3 hobgoblins
  3 jackals (D:5)
  7 kobolds
  2 quokkas
  4 frilled lizards
  4 rats
123 creatures vanquished.

Vanquished Creatures (others)
  A white imp (D:6)
1 creature vanquished.

Grand Total: 124 creatures vanquished

Notes
Turn   | Place    | Note
-------+----------+-------------------------------------------
     0 | D:1      | cheesebisquit the Minotaur Berserker began the quest for
                  | the Orb.
     0 | D:1      | Reached XP level 1. HP: 19/19 MP: 0/0
   324 | D:1      | Reached XP level 2. HP: 24/27 MP: 1/1
   824 | D:2      | Reached skill level 4 in Axes
  1219 | D:2      | Found a faded altar of an unknown god.
  1226 | D:2      | Reached XP level 3. HP: 33/33 MP: 2/2
  1312 | D:2      | Found a burning altar of Makhleb.
  1487 | D:2      | Reached ** piety under Trog
  1516 | D:2      | Reached skill level 5 in Axes
  1773 | D:3      | Reached XP level 4. HP: 35/40 MP: 3/3
  1796 | D:3      | Noticed a black bear
  1805 | D:3      | Killed a black bear
  1806 | D:3      | Reached skill level 7 in Axes
  1806 | D:3      | Reached XP level 5. HP: 23/46 MP: 4/4
  2734 | D:4      | Reached XP level 6. HP: 21/52 MP: 5/5
  2974 | D:4      | Identified the +11 hand axe "Besuegh" {venom, Int+4}
  3188 | D:4      | Found a sparkling altar of Nemelex Xobeh.
  3285 | D:4      | Reached skill level 8 in Axes
  3411 | D:5      | Entered Level 5 of the Dungeon
  3555 | D:5      | Noticed Sigmund
  3562 | D:5      | Killed Sigmund
  3563 | D:5      | Reached skill level 9 in Axes
  3563 | D:5      | Reached XP level 7. HP: 58/58 MP: 2/6
  3859 | D:5      | Reached skill level 10 in Axes
  3992 | D:5      | Found a runed translucent door.
  3993 | D:5      | Noticed Crazy Yiuf
  4167 | D:5      | Noticed a yak
  4167 | D:5      | Noticed a yak
  4168 | D:5      | Noticed a yak
  4171 | D:5      | Killed a yak
  4172 | D:5      | Reached skill level 11 in Axes
  4175 | D:5      | Killed a yak
  4176 | D:5      | Reached XP level 8. HP: 37/66 MP: 7/7
  4177 | D:5      | Reached skill level 12 in Axes
  4459 | D:5      | Killed Crazy Yiuf
  4615 | D:6      | Found Fuzonufe's Lightly-Used Armoury.
  4805 | D:6      | Reached *** piety under Trog
  4823 | D:6      | Found a runed translucent gate.
  4823 | D:6      | Found a runed translucent gate.
  4823 | D:6      | Found a runed translucent gate.
  4823 | D:6      | Noticed FexLirch's ghost (amateur MeEE)
  4826 | D:6      | Found a basalt altar of Yredelemnul.
  5078 | D:6      | Reached skill level 13 in Axes
  5330 | D:6      | Found a staircase to the Ecumenical Temple.
  5338 | Temple   | Entered the Ecumenical Temple
  5743 | D:6      | Reached skill level 14 in Axes
  5753 | D:6      | Reached XP level 9. HP: 47/71 MP: 8/8
  5914 | D:6      | Reached skill level 15 in Axes
  5930 | D:6      | Noticed a seven-headed hydra
  5937 | D:6      | HP: 2/106 [nine-headed hydra (11)]
  5937 | D:6      | Slain by a nine-headed hydra

Illustrated notes

Levels and vault maps discovered:
D:1:      dpeg_arrival_solitude, layout_basic
D:2:      minmay_chambers_of_ones, layout_basic, ebering_ecumenical_altar_hall,
          basic_altar
D:3:      layout_loops_ring, minmay_pentomino_pile
D:4:      layout_basic, mainiacjoe_overflow_chevrons, st_stairs_7
D:5:      layout_loops_cross, uniq_crazy_yiuf_cottage, uniq_sigmund
D:6:      layout_rooms, nicolae_yredelemnul_ghost_church,
          minmay_temple_entry_arrows, minmay_shop_damaged, nzn_random_ring
Temple:   nicolae_temple_bog_church

Skill      XL: |  1  2  3  4  5  6  7  8  9 |
---------------+----------------------------+-----
Axes           | 4 5 7 9 11 14 15 | 15.4
Fighting       | |  3.8
Armour         | |  2.8
Dodging        | |  2.4

Action                   |  1- 3 |  4- 6 |  7- 9 || total
-------------------------+-------+-------+-------++-------
Melee: Hand axe          |    98 |    83 |   119 ||   300
       Headbutt          |    11 |    15 |    31 ||    57
       Punch             |     1 |       |       ||     1
Throw: Stone             |       |    13 |       ||    13
Invok: Berserk           |       |     2 |     2 ||     4
       Trog's Hand       |       |       |     3 ||     3
Armor: Chain mail        |    44 |    42 |    56 ||   142
       Ring mail         |     2 |       |       ||     2
Dodge: Dodged            |    26 |    29 |    25 ||    80
Block: Kite shield       |    14 |    31 |    35 ||    80
